 Dungeon Crawl Stone Soup version 0.27.1 (webtiles) character file.

Game seed: 16614374061758298269

273 chaosape the Magician (level 6, -17/50 HPs)
             Began as a Gnoll Wanderer on Sept 2, 2021.
             Was a Believer of Kikubaaqudgha.
             Demolished by an Executioner (22 damage)
             ... on level 1 of the Abyss.
             The game lasted 00:13:28 (3905 turns).

chaosape the Magician (Gnoll Wanderer)              Turns: 3905, Time: 00:13:29

Health: -17/50     AC: 13    Str: 12    XL:     6   Next: 23%
Magic:  14/14      EV:  9    Int: 12    God:    Kikubaaqudgha [**....]
Gold:   121        SH:  0    Dex: 12    Spells: 13/15 levels left

rFire    . . .     SeeInvis .   a - +2 short sword
rCold    . . .     Faith    .   (no shield)
rNeg     . . .     Spirit   .   z - +0 scale mail {Will+}
rPois    .         Reflect  .   (no helmet)
rElec    .         Harm     .   w - +0 cloak
rCorr    .         Rampage  .   y - +0 pair of gloves
Will     +....                  o - +0 pair of boots
Stlth    +.........             b - amulet of magic regeneration
HPRegen  0.16/turn              i - +4 ring of protection
MPRegen  0.39/turn              (no ring)

@: no status effects
A: fangs 1, strong nose, distributed training
a: Renounce Religion, Receive Corpses


You were on level 1 of the Abyss.
You worshipped Kikubaaqudgha.
Kikubaaqudgha was pleased with you.
You visited 1 branch of the dungeon, and saw 4 of its levels.
You visited the Abyss 1 time.

You collected 121 gold pieces.

Inventory:

Hand Weapons
 a - a +2 short sword (weapon)
Missiles
 e - 24 poisoned darts
 h - 33 stones
 q - 58 arrows
Armour
 c - a +0 robe
 j - a +2 leather armour of cold resistance
 o - a +0 pair of boots (worn)
 p - +0 steam dragon scales
 w - a +0 cloak (worn)
 y - a +0 pair of gloves (worn)
 z - a +0 scale mail of willpower (worn)
Jewellery
 b - an amulet of magic regeneration (around neck)
 i - a +4 ring of protection (left hand)
Scrolls
 d - a scroll of enchant weapon {unknown}
 f - a scroll of fear
 g - a scroll of vulnerability {unknown}
 k - a scroll of teleportation {unknown}
 n - a scroll of amnesia {unknown}
 s - a scroll of fog {unknown}
 u - a scroll of noise {unknown}
 x - a scroll of immolation {unknown}
 A - a scroll of blinking {unknown}
Potions
 l - a potion of mutation {unknown}
 m - a potion of might {unknown}
 t - 2 potions of resistance {unknown}
 v - a potion of lignification {unknown}


   Skills:
 + Level 4.9 Fighting
 + Level 4.9 Short Blades
 + Level 1.8 Long Blades
 + Level 1.8 Axes
 + Level 1.8 Maces & Flails
 + Level 1.8 Polearms
 + Level 1.8 Staves
 + Level 1.8 Slings
 + Level 1.8 Bows
 + Level 1.8 Crossbows
 + Level 1.8 Throwing
 + Level 1.8 Armour
 + Level 3.2 Dodging
 + Level 3.0 Stealth
 + Level 3.2 Shields
 + Level 1.8 Unarmed Combat
 + Level 5.3 Spellcasting
 + Level 1.4 Conjurations
 + Level 1.4 Hexes
 + Level 1.4 Summonings
 + Level 2.6 Necromancy
 + Level 1.4 Translocations
 + Level 1.4 Transmutations
 + Level 1.4 Fire Magic
 + Level 1.4 Ice Magic
 + Level 1.4 Air Magic
 + Level 1.4 Earth Magic
 + Level 1.4 Poison Magic
 + Level 2.0 Invocations
 + Level 1.8 Evocations


You had 13 spell levels left.
You knew the following spells:

 Your Spells              Type           Power      Damage    Failure   Level
a - Freeze                Ice            24%        1d5       50%         1
b - Pain                  Necr           36%        1d5       34%         1

Your spell library contained the following spells:

 Spells                   Type           Power      Damage    Failure   Level
 Sublimation of Blood     Necr           4%         N/A       45%         2
 Corpse Rot               Necr/Air       N/A        N/A       54%         2
 Slow                     Hex            6%         N/A       63%         2
 Vampiric Draining        Necr           4%         2d6       71%         3
 Confusing Touch          Hex            6%         N/A       86%         3
 Ozocubu's Armour         Ice            6%         N/A       86%         3
 Yara's Violent Unravell  Hex/Tmut       3%         3d4       100%        5


Dungeon Overview and Level Annotations

Branches:
Dungeon (4/15)
 Temple: D:4-7

Altars:
Cheibriados
Dithmenos
Elyvilon
Kikubaaqudgha
Makhleb
Nemelex Xobeh
Okawaru
Vehumet
Wu Jian
Yredelemnul
Zin
The Shining One


Innate Abilities, Weirdness & Mutations

You have very sharp teeth.
Your uncanny sense of smell can sniff out nearby items.
Your experience applies equally to all skills.


Message History

The orc barely misses you. The gnoll hits you but does no damage.
The gnoll closely misses you.
The gnoll hits you with a +1 whip of distortion.
Space warps horribly around you!
* * * LOW HITPOINT WARNING * * *
The ball python bites you but does no damage.
The ball python constricts you.
* * * LOW HITPOINT WARNING * * *
The gnoll hits you from afar with a +0 spear.
* * * LOW HITPOINT WARNING * * *
You feel better. The orc hits you with a +0 flail.
* * * LOW HITPOINT WARNING * * *
The gnoll barely misses you.
The ball python bites you but does no damage.
The ball python constricts you. The gnoll barely misses you.
The gnoll hits you with a +1 whip of distortion.
* * * LOW HITPOINT WARNING * * *
The ball python loses its grip on you.
You are cast into the Abyss!
To return, you must find a gate leading back.
Killing monsters will force the Abyss to allow you passage.
This branch contains the abyssal rune of Zot.
You start resting.
An Executioner comes into view.
The Executioner moves out of view.
You start resting.
A large abomination comes into view.
The Executioner gives a hideous shriek!
The Executioner gestures.
The Executioner seems to speed up.
The Executioner hits you!!
* * * LOW HITPOINT WARNING * * *
The Executioner barely misses you.
The Executioner hits you but does no damage.
The Executioner barely misses you. The Executioner completely misses you.
The Executioner hits you.
* * * LOW HITPOINT WARNING * * *
The Executioner hits you!!
You die...
Kikubaaqudgha rasps: "You have failed me!
Welcome... death!"

...## ........#
.X#....#...... .
.#..#.....#.#
..###..........#.
#.............##
#....#.∩.....#
#............#
..##.#1....##
#@....## #.....##
##.#.## #.∩## ##.
# . ##


You could see an Executioner (fast).

Vanquished Creatures
  Sigmund (D:2)
  A scorpion (D:3)
  An adder (D:3)
  A dart slug (D:1)
  5 endoplasms
  4 giant cockroaches
  3 goblins (D:1)
  A hobgoblin (D:3)
  4 jackals (D:2)
  5 kobolds
  2 quokkas
  4 ball pythons
  2 bats (D:1)
  2 frilled lizards
  5 rats
41 creatures vanquished.

Vanquished Creatures (others)
  4 plants
4 creatures vanquished.

Grand Total: 45 creatures vanquished

Notes
Turn   | Place    | Note
-------+----------+-------------------------------------------
     0 | D:1      | chaosape the Gnoll Wanderer began the quest for the Orb.
     0 | D:1      | chaosape set off with the following items: a +2 short
                  | sword, a potion of curing, a +0 robe; and the following
                  | spell memorised: Freeze; and the following spells available
                  | to memorise: Ozocubu's Armour
     0 | D:1      | Reached XP level 1. HP: 20/20 MP: 6/6
   285 | D:1      | Found a faded altar of an unknown god.
   318 | D:1      | Became a worshipper of Kikubaaqudgha
   318 | D:1      | Reached * piety under Kikubaaqudgha
   318 | D:1      | Received a gift from Kikubaaqudgha
   322 | D:1      | Learned a level 1 spell: Pain
   402 | D:1      | Reached XP level 2. HP: 23/26 MP: 7/7
   918 | D:2      | Noticed Sigmund
  1125 | D:2      | Killed Sigmund
  1126 | D:2      | Reached skill level 1 in Long Blades
  1126 | D:2      | Reached skill level 1 in Axes
  1126 | D:2      | Reached skill level 1 in Maces & Flails
  1126 | D:2      | Reached skill level 1 in Polearms
  1126 | D:2      | Reached skill level 1 in Staves
  1126 | D:2      | Reached skill level 1 in Slings
  1126 | D:2      | Reached skill level 1 in Bows
  1126 | D:2      | Reached skill level 1 in Crossbows
  1126 | D:2      | Reached skill level 1 in Throwing
  1126 | D:2      | Reached skill level 1 in Armour
  1126 | D:2      | Reached skill level 1 in Unarmed Combat
  1126 | D:2      | Reached skill level 5 in Spellcasting
  1126 | D:2      | Reached skill level 1 in Conjurations
  1126 | D:2      | Reached skill level 1 in Hexes
  1126 | D:2      | Reached skill level 1 in Summonings
  1126 | D:2      | Reached skill level 1 in Translocations
  1126 | D:2      | Reached skill level 1 in Transmutations
  1126 | D:2      | Reached skill level 1 in Fire Magic
  1126 | D:2      | Reached skill level 1 in Ice Magic
  1126 | D:2      | Reached skill level 1 in Air Magic
  1126 | D:2      | Reached skill level 1 in Earth Magic
  1126 | D:2      | Reached skill level 1 in Poison Magic
  1126 | D:2      | Reached skill level 1 in Invocations
  1126 | D:2      | Reached skill level 1 in Evocations
  1126 | D:2      | Reached XP level 3. HP: 14/32 MP: 7/9
  1126 | D:2      | Reached XP level 4. HP: 17/38 MP: 8/11
  1126 | D:2      | Reached XP level 5. HP: 19/43 MP: 8/12
  2511 | D:3      | Found a glowing golden altar of the Shining One.
  2514 | D:3      | Found a radiant altar of Vehumet.
  2517 | D:3      | Found a sparkling altar of Nemelex Xobeh.
  2522 | D:3      | Found a burning altar of Makhleb.
  2522 | D:3      | Found a white marble altar of Elyvilon.
  2522 | D:3      | Found a shadowy altar of Dithmenos.
  2523 | D:3      | Found a snail-covered altar of Cheibriados.
  2523 | D:3      | Found an iron altar of Okawaru.
  2524 | D:3      | Found a basalt altar of Yredelemnul.
  2526 | D:3      | Found a glowing silver altar of Zin.
  2527 | D:3      | Found an ornate altar of the Wu Jian Council.
  2672 | D:3      | Reached ** piety under Kikubaaqudgha
  2925 | D:3      | Reached XP level 6. HP: 38/50 MP: 14/14
  3785 | D:4      | Cast into level 1 of the Abyss (gnoll)
  3873 | Abyss:1  | Noticed an Executioner
  3901 | Abyss:1  | Noticed a large abomination
  3905 | Abyss:1  | Demolished by an Executioner

Illustrated notes

Levels and vault maps discovered:
D:1:      heliophobic_arrival_enchanted_forest, layout_rooms,
          dreamdust_ecumenical_altar_grove
D:2:      mumra_celtic_spiral_tile, layout_basic, serial_forest,
          infiniplex_forest_clump_small, infiniplex_forest_clump_diagonal,
          infiniplex_forest_corner_1, infiniplex_forest_lined_room_2,
          infiniplex_forest_clump_C, infiniplex_forest_lined_2,
          infiniplex_forest_clump_small, uniq_sigmund
D:3:      layout_basic, minitemple
D:4:      black_bear_nest_1, layout_cave_pools, uniq_ijyb, uniq_blork_the_orc
Abyss:1:  base:
D:1

Skill      XL: |  1  2  3  4  5 |
---------------+----------------+-----
Necromancy     | 2 |  2.6
Long Blades    | 1 |  1.8
Axes           | 1 |  1.8
Maces & Flails | 1 |  1.8
Polearms       | 1 |  1.8
Staves         | 1 |  1.8
Slings         | 1 |  1.8
Bows           | 1 |  1.8
Crossbows      | 1 |  1.8
Throwing       | 1 |  1.8
Armour         | 1 |  1.8
Dodging        | 3 |  3.2
Shields        | 3 |  3.2
Unarmed Combat | 1 |  1.8
Spellcasting   | 5 |  5.3
Conjurations   | 1 |  1.4
Hexes          | 1 |  1.4
Summonings     | 1 |  1.4
Translocations | 1 |  1.4
Transmutations | 1 |  1.4
Fire Magic     | 1 |  1.4
Ice Magic      | 1 |  1.4
Air Magic      | 1 |  1.4
Earth Magic    | 1 |  1.4
Poison Magic   | 1 |  1.4
Invocations    | 1 2 |  2.0
Evocations     | 1 |  1.8
Stealth        | 3 |  3.0
Fighting       | |  4.9
Short Blades   | |  4.9

Action                   |  1- 3 |  4- 6 || total
-------------------------+-------+-------++-------
Melee: Short sword       |    67 |    86 ||   153
       Bite              |     7 |     7 ||    14
       Punch             |       |     1 ||     1
Throw: Dart              |     1 |       ||     1
  Use: Potion            |     1 |     1 ||     2
       Scroll            |     1 |       ||     1
 Stab: Sleeping          |       |     2 ||     2
Armor: Robe              |    10 |       ||    10
       Leather armour    |     9 |    16 ||    25
       Steam dragon scal |       |    14 ||    14
       Scale mail        |       |    21 ||    21
Dodge: Dodged            |    22 |    57 ||    79
